 Dungeon Crawl Stone Soup version 0.28-a0-1387-g3a22ab9bdc (webtiles) character file.

Game seed: 5643509205568123290

302 gimp the Chucker (level 6, -1/37 HPs)
             Began as a Tengu Wanderer on Jan 2, 2022.
             Succumbed to an adder's poison
             ... on level 3 of the Dungeon.
             The game lasted 00:03:03 (2438 turns).

gimp the Chucker (Tengu Wanderer)                   Turns: 2438, Time: 00:03:03

Health: -1/37      AC:  3    Str: 13    XL:     6   Next: 37%
Magic:  8/8        EV: 15    Int:  9    God:
Gold:   70         SH:  0    Dex: 18    Spells: 7/7 levels left

rFire   . . .      SeeInvis .   a - +0 mace
rCold   . . .      Faith    .   (no shield)
rNeg    . . .      Spirit   .   c - +0 leather armour
rPois   .          Reflect  .   (helmet restricted)
rElec   .          Harm     .   (no cloak)
rCorr   .          Rampage  .   (no gloves)
Will    .....                   (boots unavailable)
Stlth   +.........              (no amulet)
HPRegen 0.12/turn               (no ring)
MPRegen 0.11/turn               (no ring)

@: lethally poisoned (-1 -> -4), flying quickly and evasively, quick
A: beak, talons 3, nimble flight
a: no special abilities


You were on level 3 of the Dungeon.
You visited 1 branch of the dungeon, and saw 3 of its levels.

You collected 70 gold pieces.

Inventory:

Hand Weapons
 a - a +0 mace (weapon)
 e - a +0 dagger
 k - the +7 rapier of Figum {spect, Will+}
   (You found it on level 2 of the Dungeon)

   When its wielder attacks, the weapon's spirit leaps out and strikes again.
   The spirit shares a part of any damage it takes with its wielder.
   Will:      It increases your willpower.
Missiles
 b - 4 throwing nets (quivered)
 d - 25 poisoned darts
Armour
 c - a +0 leather armour (worn)
Jewellery
 f - a +4 ring of evasion
 i - a +6 ring of dexterity
Wands
 g - a wand of flame (19)
Scrolls
 h - a scroll of identify {unknown}
 j - 4 scrolls of immolation {unknown}


   Skills:
 - Level 3.0 Fighting
 - Level 2.1 Maces & Flails
 + Level 5.8 Throwing
 - Level 1.1 Armour
 - Level 3.2 Dodging
 - Level 1.0 Spellcasting


You had 7 spell levels left.
You didn't know any spells.
Your spell library contained the following spells:

 Spells                   Type           Power      Damage    Failure   Level
 Summon Small Mammal      Summ           0%         N/A       43%         1
 Call Canine Familiar     Summ           0%         N/A       80%         3
 Summon Guardian Golem    Hex/Summ       0%         N/A       80%         3


Dungeon Overview and Level Annotations

Branches:
Dungeon (3/15)

Altars:
Ru

Shops:
D:1 [


Innate Abilities, Weirdness & Mutations

You have a beak for a mouth.
You have claws for feet.
Your magical nature lets you fly swiftly and evasively.


Message History

You take 2 damage, and have 16/37 hp.
You miss the quokka. You peck the quokka, but do no damage.
You feel sick. The quokka bites you.
* * * LOW HITPOINT WARNING * * *
The quokka barely misses you.
You take 5 damage, and have 11/37 hp.
It was a potion of flight.
You feel more buoyant.
You feel sick. The quokka bites you.
* * * LOW HITPOINT WARNING * * *
You take 3 damage, and have 8/37 hp.
You hit the quokka but do no damage.
You feel sick. The quokka closely misses you. The quokka misses you.
You take 1 damage, and have 7/37 hp.
You barely miss the quokka. You peck the quokka.
The quokka is severely wounded.
You feel sick.
The quokka bites you but does no damage.
You hit the quokka.
You kill the quokka!
You feel sick.
You are no longer poisoned.
The adder bites you but does no damage.
You take 2 damage, and have 5/37 hp.
You closely miss the adder. You claw the adder. Your peck misses the adder.
The adder is severely wounded.
The adder misses you. x2
You miss the adder. Your kick misses the adder.
The adder is severely wounded.
The adder barely misses you.
You miss the adder.
The adder is severely wounded.
The adder bites you.
* * * LOW HITPOINT WARNING * * *
You are lethally poisoned!
The adder poisons you! The adder closely misses you.
You take 4 damage, and have 1/37 hp.
You sock the adder!
You kill the adder!
You die...

.♣ . ## ## .## #.
.###...#
#.#...#..# #
#...#... ... ..
#.##.#..#
#...####J.@....#
#......###.##....
######.# .# . #.#
.. #.# ### #.#
##.## .
##...#######..
#.............


You could see an endoplasm.

Vanquished Creatures
  Sigmund (D:2)
  An ogre (D:2)
  An adder (D:3)
  4 gnolls (D:2)
  2 dart slugs (D:1)
  3 endoplasms
  2 goblins (D:2)
  3 hobgoblins (D:1)
  2 jackals (D:2)
  4 quokkas
  5 ball pythons (D:1)
  5 frilled lizards
  6 kobolds
  5 rats
44 creatures vanquished.

Notes
Turn   | Place    | Note
-------+----------+-------------------------------------------
     0 | D:1      | gimp the Tengu Wanderer began the quest for the Orb.
     0 | D:1      | gimp set off with the following items: a +0 mace, 4
                  | throwing nets, a +0 leather armour, 14 poisoned darts, a +0
                  | dagger
     0 | D:1      | Reached XP level 1. HP: 12/12 MP: 3/3
    38 | D:1      | Found a faded altar of an unknown god.
   329 | D:1      | Reached XP level 2. HP: 16/17 MP: 4/4
   375 | D:1      | Found Koviluvu's Armour Boutique.
   832 | D:1      | Reached XP level 3. HP: 21/22 MP: 5/5
  1260 | D:2      | Found a sacrificial altar of Ru.
  1329 | D:2      | Noticed an ogre
  1344 | D:2      | Killed an ogre
  1345 | D:2      | Reached skill level 4 in Throwing
  1345 | D:2      | Reached XP level 4. HP: 28/28 MP: 6/6
  1345 | D:2      | Gained mutation: Your magical nature lets you fly swiftly
                  | and evasively. [Tengu growth]
  1345 | D:2      | Reached XP level 5. HP: 32/32 MP: 7/7
  2260 | D:2      | Identified the +7 rapier of Figum {spect, Will+}
  2334 | D:3      | Noticed Sigmund
  2345 | D:2      | Killed Sigmund
  2346 | D:2      | Reached skill level 5 in Throwing
  2346 | D:2      | Reached XP level 6. HP: 29/37 MP: 8/8
  2437 | D:3      | HP: 1/37 [adder (4)]
  2438 | D:3      | Succumbed to an adder's poison

Illustrated notes

Levels and vault maps discovered:
D:1:      lightli_arrival_windingriver, layout_basic,
          nicolae_ecumenical_snake_handling, serial_shops, shop
D:2:      layout_basic, basic_altar, minmay_indecisive_spiral
D:3:      layout_loops_cross, uniq_sigmund, uniq_ijyb, uniq_natasha,
          uniq_crazy_yiuf_cottage

Skill      XL: |  1  2  3  4  5 |
---------------+----------------+-----
Fighting       | 2 3 |  3.0
Throwing       | 4 5 |  5.8
Maces & Flails | |  2.1
Armour         | |  1.1
Dodging        | |  3.2
Spellcasting   | |  1.0

Action                   |  1- 3 |  4- 6 || total
-------------------------+-------+-------++-------
Melee: Mace              |    58 |    39 ||    97
       Kick              |    17 |    15 ||    32
       Peck              |     4 |     6 ||    10
Throw: Dart              |     6 |    10 ||    16
       Throwing net      |       |     4 ||     4
  Use: Potion            |       |     1 ||     1
 Stab: Sleeping          |     1 |       ||     1
Armor: Leather armour    |    15 |     9 ||    24
Dodge: Dodged            |    42 |    39 ||    81

Table legend: (Time is in decaauts)
 A = Elapsed time spent in this place.
 B = Non-inter-level travel time spent in this place.
 C = Inter-level travel time spent in this place.
 D = Time resting spent in this place.
 E = Time spent auto-exploring this place.
 F = Levels seen in this place.
 G = Mean time per level.
                   A        B        C        D        E       F      G
               +--------+--------+--------+--------+--------+-----+--------+
         Total |   2419 |   2389 |     30 |    488 |   1506 |   3 |  806.3 |
       Dungeon |   2419 |   2389 |     30 |    488 |   1506 |   3 |  806.3 |
               +--------+--------+--------+--------+--------+-----+--------+

Top non-repeatable levels by time:
     D:1: 1477 daAuts
     D:2: 909 daAuts
     D:3: 33 daAuts
